 Dungeon Crawl Stone Soup version 0.29-a0-668-g12ee2bf84d (webtiles) character file.

Game seed: 1085356228144030735

46 sammy202020 the Skirmisher (level 3, -4/29 HPs)
             Began as a Demonspawn Berserker on June 23, 2022.
             Was a Follower of Trog.
             Slain by Sigmund
             ... wielding a +0 scythe
              (10 damage)
             ... on level 2 of the Dungeon.
             The game lasted 00:01:21 (1624 turns).

sammy202020 the Skirmisher (Demonspawn Berserker)   Turns: 1624, Time: 00:01:21

Health: -4/29      AC:  6    Str: 17    XL:     3   Next: 44%
Magic:  3/3        EV: 16    Int: 10    God:    Trog [*.....]
Gold:   100        SH:  4    Dex: 12    Spells: 2/2 levels left

rFire   . . .      SeeInvis .   a - +0 hand axe
rCold   . . .      Faith    .   (no shield)
rNeg    . . .      Spirit   .   b - +0 animal skin
rPois   .          Reflect  .   (no helmet)
rElec   .          Harm     .   (no cloak)
rCorr   .          Rampage  .   (no gloves)
Will    .....                   (no boots)
Stlth   +.........              (no amulet)
HPRegen 0.09/turn               d - +4 ring of evasion
MPRegen 0.08/turn               e - +4 ring of protection

@: no status effects
A: foul stench 1, condensation shield
a: Renounce Religion, Berserk


You were on level 2 of the Dungeon.
You worshipped Trog.
Trog was aware of your devotion.
You visited 1 branch of the dungeon, and saw 2 of its levels.

You collected 100 gold pieces.

Inventory:

Hand Weapons
 a - a +0 hand axe (weapon)
Missiles
 f - 4 boomerangs (quivered)
Armour
 b - a +0 animal skin (worn)
Jewellery
 d - a +4 ring of evasion (left hand)
 e - a +4 ring of protection (right hand)
Scrolls
 c - a scroll of identify
Potions
 g - a potion of curing {unknown}
 h - a potion of lignification {unknown}


   Skills:
 * Level 3.5 Fighting
 * Level 3.2 Axes
 + Level 2.1 Armour
 + Level 2.1 Dodging


You had 2 spell levels left.
You didn't know any spells.
Your spell library was empty.

Dungeon Overview and Level Annotations

Branches:
Dungeon (2/15)

Altars:

Annotations:
D:2 Sigmund


Innate Abilities, Weirdness & Mutations

You may rarely emit foul miasma when damaged in melee.
A meltable shield of frost defends you. (SH +4)


Message History

h - a lumpy emerald potion
Found a club.
You see here a +0 club.
You see here a +0 club.
Sigmund the Dreaded comes into view.
He is wielding a +0 scythe and carrying a wand of light (11).
Found a scroll labelled PYAMNI DAGOKHLI.
Sigmund shouts!
Sigmund drinks a potion.
Sigmund seems to grow stronger.
Sigmund flickers, as though insubstantial.
Sigmund closely misses you.
You closely miss Sigmund. Sigmund hits you with a +0 scythe!
You hit Sigmund but do no damage.
Sigmund says, "You will soon forget everything."
Sigmund closely misses you.
You closely miss Sigmund. You closely miss Sigmund.
Sigmund hits you with a +0 scythe!
* * * LOW HITPOINT WARNING * * *
You are too injured to fight recklessly!
You are too injured to fight recklessly!
You are too injured to fight recklessly!
You are too injured to fight recklessly!
You are too injured to fight recklessly!
You are too injured to fight recklessly!
You are too injured to fight recklessly!
You are too injured to fight recklessly!
You are too injured to fight recklessly!
You are too injured to fight recklessly!
You are too injured to fight recklessly!
You are too injured to fight recklessly!
You are too injured to fight recklessly!
You are too injured to fight recklessly!
You are too injured to fight recklessly!
You are too injured to fight recklessly!
You are too injured to fight recklessly!
You fail to use your ability.
Sigmund mumbles some strange words.
Sigmund flickers and vanishes!
Deactivating autopickup; reactivate with Ctrl-A.
You miss something. Something hits you!
You die...

#.# #.# #.# #.# #.#
#.# #.####.######.#
#.............#######.
######.######.........
.......# #.########
######## #.##
#.#.#########
#.###.@{...... ##
#.######### #?# ##


There were no monsters in sight!

Vanquished Creatures
  An adder (D:2)
  2 worms (D:2)
  2 bats (D:1)
  5 endoplasms
  2 giant cockroaches
  2 goblins
  7 jackals (D:2)
  A quokka (D:1)
  2 ball pythons
  A kobold (D:1)
  2 rats (D:1)
27 creatures vanquished.

Notes
Turn   | Place    | Note
-------+----------+-------------------------------------------
     0 | D:1      | sammy202020 the Demonspawn Berserker began the quest for
                  | the Orb.
     0 | D:1      | Reached XP level 1. HP: 18/18 MP: 1/1
   210 | D:1      | Gained mutation: A meltable shield of frost defends you.
                  | (SH +4) [demonic ancestry]
   210 | D:1      | Reached XP level 2. HP: 24/24 MP: 2/2
  1268 | D:2      | Found a faded altar of an unknown god.
  1269 | D:2      | Noticed a great orb of eyes
  1271 | D:2      | Noticed a shining eye
  1271 | D:2      | Noticed an eye of devastation
  1271 | D:2      | Noticed a great orb of eyes
  1281 | D:2      | Gained mutation: You may rarely emit foul miasma when
                  | damaged in melee. [demonic ancestry]
  1281 | D:2      | Reached XP level 3. HP: 24/29 MP: 3/3
  1616 | D:2      | Noticed Sigmund
  1624 | D:2      | Slain by Sigmund

Illustrated notes

Levels and vault maps discovered:
D:1:      ncdulo_halloftheorcs, layout_basic, serial_glass, glass_columns_a,
          glass_columns_c, glass_columns_a, glass_columns_c, glass_columns_b,
          glass_columns_a, glass_columns_a, glass_columns_a, glass_columns_c,
          glass_columns_b, glass_columns_a, glass_columns_a, glass_columns_b,
          glass_columns_a, palyth_stone_intersect
D:2:      minmay_evil_eye, layout_loops_ring,
          hellmonk_ecumenical_altar_watching_god, uniq_sigmund

Skill      XL: |  1  2 |
---------------+-------+-----
Axes           | 3 |  3.2
Armour         | 2 |  2.1
Dodging        | 2 |  2.1
Fighting       | |  3.5

Action                   || total
-------------------------++-------
Melee: Hand axe          ||    94
       Punch             ||     1
  Use: Scroll            ||     1
Armor: Animal skin       ||    19
Dodge: Dodged            ||    64
Block: Other             ||    15

Table legend: (Time is in decaauts)
 A = Elapsed time spent in this place.
 B = Non-inter-level travel time spent in this place.
 C = Inter-level travel time spent in this place.
 D = Time resting spent in this place.
 E = Time spent auto-exploring this place.
 F = Levels seen in this place.
 G = Mean time per level.
                   A        B        C        D        E       F      G
               +--------+--------+--------+--------+--------+-----+--------+
         Total |   1637 |   1637 |      0 |      0 |   1379 |   2 |  818.5 |
       Dungeon |   1637 |   1637 |      0 |      0 |   1379 |   2 |  818.5 |
               +--------+--------+--------+--------+--------+-----+--------+

Top non-repeatable levels by time:
     D:1: 1084 daAuts
     D:2: 553 daAuts
